 Dungeon Crawl Stone Soup version 0.23.2-40-g277498a001 (webtiles) character file.

Game seed: 15254240098436603895

1838 Aggronaut the Grappler (level 8, -4/74 HPs)
             Began as a Troll Monk on Sept 30, 2019.
             Was a Believer of the Shining One.
             Killed from afar by an orc wizard (13 damage)
             ... with a puff of flame
             ... on level 8 of the Dungeon.
             The game lasted 00:11:18 (4857 turns).

Aggronaut the Grappler (Troll Monk)                 Turns: 4857, Time: 00:11:18

Health: -4/74      AC:  6    Str: 23 (26) XL:     8   Next: 87%
Magic:  7/7        EV: 10    Int:  4 (6)  God:    the Shining One [**....]
Gold:   200        SH:  0    Dex: 11 (13) Spells: 7/7 levels left

rFire    . . .     SeeInvis .     - Unarmed
rCold    . . .     Gourm    +   (no shield)
rNeg     + . .     Faith    .   a - +0 robe
rPois    .         Spirit   .   (helmet restricted)
rElec    .         Reflect  .   (no cloak)
rCorr    .         Harm     .   (gloves unavailable)
MR       .....                  (boots unavailable)
Stlth    +.........             (no amulet)
HPRegen  0.62/turn              (no ring)
MPRegen  0.10/turn              (no ring)

@: mighty, lethally poisoned (-4 -> -5), flying, hasted, glowing, very quick
A: large, unfitting armour, claws 3, fast metabolism 3, gourmand, regeneration
1, shaggy fur 1, tough skin 3
a: Divine Shield, Renounce Religion


You were on level 8 of the Dungeon.
You worshipped the Shining One.
The Shining One was pleased with you.
You were not hungry.

You visited 2 branches of the dungeon, and saw 8 of its levels.

You collected 200 gold pieces.

Inventory:

Missiles
 c - 7 exploding tomahawks (quivered)
Armour
 a - a +0 robe (worn)
Jewellery
 n - an uncursed ring of flight {unknown}
Wands
 h - a wand of acid (3)
 j - a wand of digging (4)
 m - a wand of flame (10)
 t - a wand of clouds (4)
Scrolls
 d - a scroll of fog
 e - 2 scrolls of enchant weapon
 f - a scroll of magic mapping
 g - 2 scrolls of teleportation
 i - 4 scrolls of identify
 s - a scroll of random uselessness {unknown}
Potions
 l - 2 potions of brilliance
Comestibles
 b - 10 rations


   Skills:
 - Level 2.4 Fighting
 - Level 2.4 Dodging
 - Level 1.0 Stealth
 + Level 11.7 Unarmed Combat


You had 7 spell levels left.
You didn't know any spells.
Your spell library was empty.

Dungeon Overview and Level Annotations

Branches:
Dungeon (8/15)             Temple (1/1) D:6            Lair (0/6) D:8

Altars:
Ashenzari
Dithmenos
Elyvilon
Fedhas
Hepliaklqana
Kikubaaqudgha
Makhleb
Nemelex Xobeh
Okawaru
Qazlal
Ru
Sif Muna
Trog
Uskayaw
Wu Jian
Xom
Zin
The Shining One

Annotations:
D:8 1 transporter


Innate Abilities, Weirdness & Mutations

You are too large for most types of armour.
You have claws for hands.
Your metabolism is lightning-fast.
You like to eat raw meat.
Your natural rate of healing is unusually fast.
You are covered in fur. (AC +1)
You have extremely tough skin. (AC +3)


Message History

There was something very wrong with that liquid.
You feel weakened.
You feel dopey.
You feel clumsy.
The worker ant bites you but does no damage.
It was a potion of flight.
You feel very buoyant.
You fly up into the air.
You feel sick.
It was a potion of might.
You feel very mighty all of a sudden. The worker ant barely misses you.
You barely miss the worker ant.
You feel sick. The worker ant closely misses you.
You claw the worker ant! You claw the worker ant.
The worker ant is severely wounded.
The worker ant completely misses you.
You claw the worker ant!
You kill the worker ant!
You feel sick. The orc wizard casts a spell at you. The puff of flame hits you!
You die...

#..#
#.>#######
#........#
######Y#####.#
#...oo.#
#Y###### #o#
#†# #@# #.#
#.# #.# #.#
#.# #.# #.#


You could see an elephant and an orc wizard.

Vanquished Creatures
  Grinder (D:3)
  Sigmund (D:3)
  Duvessa (D:7)
  A black bear (D:7)
  2 sky beasts (D:6)
  A centaur (D:7)
  A bullfrog (D:6)
  Dowan (D:7)
  2 scorpions (D:6)
  A water moccasin skeleton (D:8)
  A howler monkey (D:6)
  4 orc priests
  2 hounds (D:6)
  A jelly (D:6)
  Natasha (thrice) (D:3)
  2 orc wizards
  5 worker ants
  Ijyb (D:3)
  4 gnolls (D:3)
  7 adders
  3 shadow imps
  An ooze (D:3)
  A worm (D:3)
  4 dart slugs
  A leopard gecko (D:3)
  10 orcs
  7 giant cockroaches
  6 goblins
  8 hobgoblins
  15 jackals
  A quokka (D:7)
  3 ball pythons
  6 bats
  5 frilled lizards
  A jackal skeleton (D:7)
  11 kobolds
  2 leopard gecko skeletons
  A quokka zombie (D:6)
  4 rats
132 creatures vanquished.

Notes
Turn   | Place    | Note
-------+----------+-------------------------------------------
     0 | D:1      | Aggronaut the Troll Monk began the quest for the Orb.
     0 | D:1      | Reached XP level 1. HP: 22/22 MP: 0/0
   137 | D:1      | Reached XP level 2. HP: 27/29 MP: 1/1
   237 | D:1      | Reached skill level 4 in Unarmed Combat
   331 | D:1      | Reached XP level 3. HP: 30/36 MP: 2/2
   996 | D:2      | Reached skill level 5 in Unarmed Combat
   996 | D:2      | Reached XP level 4. HP: 44/44 MP: 3/3
  1016 | D:2      | Found a deep blue altar of Sif Muna.
  1432 | D:3      | Reached XP level 5. HP: 50/50 MP: 4/4
  1487 | D:3      | Noticed Sigmund
  1625 | D:3      | Killed Sigmund
  1625 | D:3      | Reached skill level 7 in Unarmed Combat
  1625 | D:3      | Reached XP level 6. HP: 20/59 MP: 5/5
  1713 | D:3      | Noticed Grinder
  1727 | D:3      | Paralysed by Grinder for 6 turns
  1733 | D:3      | Killed Grinder
  1733 | D:3      | Reached skill level 8 in Unarmed Combat
  1737 | D:3      | Reached XP level 7. HP: 59/66 MP: 6/6
  1970 | D:3      | Noticed Natasha
  1976 | D:3      | Killed Natasha
  2221 | D:3      | Noticed Ijyb
  2226 | D:3      | Killed Ijyb
  2404 | D:3      | Noticed Natasha
  2409 | D:3      | Killed Natasha
  2409 | D:3      | Reached skill level 9 in Unarmed Combat
  2552 | D:3      | Noticed Natasha
  2557 | D:3      | Killed Natasha
  3193 | D:4      | You fall through a shaft for 2 floors!
  3365 | D:6      | Reached XP level 8. HP: 74/74 MP: 7/7
  3499 | D:6      | Reached skill level 10 in Unarmed Combat
  3735 | D:6      | Found a staircase to the Ecumenical Temple.
  3757 | Temple   | Entered the Ecumenical Temple
  4110 | D:7      | Reached skill level 11 in Unarmed Combat
  4288 | D:7      | Noticed Dowan
  4289 | D:7      | Noticed Duvessa
  4297 | D:7      | Killed Duvessa
  4300 | D:7      | Killed Dowan
  4345 | D:7      | Found an iron altar of Okawaru.
  4487 | Temple   | Became a worshipper of the Shining One
  4487 | Temple   | Reached * piety under the Shining One
  4487 | Temple   | Reached ** piety under the Shining One
  4784 | D:8      | Found a transporter.
  4785 | D:8      | Found an ancient bone altar of Kikubaaqudgha.
  4815 | D:8      | Noticed a death yak
  4815 | D:8      | Found a staircase to the Lair.
  4815 | D:8      | Noticed an elephant
  4857 | D:8      | Killed from afar by an orc wizard

Skill      XL: |  1  2  3  4  5  6  7  8 |
---------------+-------------------------+-----
Unarmed Combat | 4 5 7 8 9 11 | 11.7
Fighting       | |  2.4
Dodging        | |  2.4
Stealth        | |  1.0

Action                   |  1- 3 |  4- 6 |  7- 9 || total
-------------------------+-------+-------+-------++-------
Melee: Unarmed           |   112 |    59 |   172 ||   343
       Punch             |     2 |     1 |    13 ||    16
Evoke: Wand              |       |     3 |     1 ||     4
  Use: Potion            |       |     2 |     4 ||     6
       Scroll            |       |       |     8 ||     8
 Stab: Sleeping          |     4 |       |     3 ||     7
  Eat: Chunk             |    15 |     6 |    21 ||    42
Armor: Robe              |    47 |    18 |    44 ||   109
Dodge: Dodged            |    55 |    24 |    79 ||   158
